 Dungeon Crawl Stone Soup version 0.16-a0-2622-gbfab2ba (console) character file.

321799 utis the Bringer of Life (level 22, -3/141 HPs)
             Began as a Kobold Assassin on Nov 15, 2014.
             Was the Champion of Elyvilon.
             Killed from afar by a lich (51 damage)
             ... with a bolt of cold
             ... on level 3 of the Depths on Nov 22, 2014.
             The game lasted 05:34:47 (108150 turns).

utis the Bringer of Life (Kobold Assassin)        Turns: 108150, Time: 05:34:47

Health: -3/141     AC: 23    Str: 16    XL:     22   Next: 49%
Magic:  22/39      EV: 35    Int: 12    God:    Elyvilon [******]
Gold:   415        SH:  0    Dex: 29    Spells: 5 memorised, 4 levels left

rFire  . . .     SeeInvis .     b - +5 arbalest (freeze)
rCold  . . .     Clarity  +     n - +5 mottled dragon armour
rNeg   + . .     SustAb   .     (no shield)
rPois  +         Gourm    .     Z - +0 hat
rElec  .         Spirit   .     r - +1 cloak {rPois}
rCorr  .         Warding  .     q - +2 pair of gloves {Str+3}
rMut   .         Stasis   .     i - +2 pair of boots of the Assassin {Stlth++}
MR     ++++.                    p - amulet of the Four Winds {Clar rN+ MR+++}
Stlth  ++++++....               y - +6 ring of dexterity {=R}
                                w - ring of wizardry

@: very slightly contaminated, starving, hasted, very quick, incredibly
resistant to hostile enchantments, very stealthy
A: horns 1, carnivore 3, clever 1
a: Lesser Healing, Lesser Self-Healing, Divine Protection, Purification, Greater
Healing, Greater Self-Healing, Divine Vigour, Renounce Religion
}: 2/15 runes: barnacled, gossamer


You were on level 3 of the Depths.
You worshipped Elyvilon.
Elyvilon was exalted by your worship.
You were starving.

You visited 8 branches of the dungeon, and saw 45 of its levels.
You visited the Abyss 1 time.
You also visited: Ossuary, Bailey and Volcano.

You collected 4413 gold pieces.
You spent 3998 gold pieces at shops.

Inventory:

Hand weapons
 a - a +6 quick blade of electrocution
 b - a +5 arbalest of freezing (weapon)
 c - a +1 blowgun
Missiles
 f - 11 curare-tipped needles {=f}
 k - 98 bolts of frost
 G - 635 bolts (quivered)
 X - 126 bolts of flame
Armour
 i - the +2 pair of boots of the Assassin (worn) {Stlth++}
   (You bought it in a shop on level 2 of the Vaults)

   It makes you much more stealthy.
 n - a +5 mottled dragon armour (worn)
 q - a +2 pair of gloves of strength (worn)
 r - a +1 cloak of poison resistance (worn)
 Z - a +0 hat (worn)
Rods
 H - a +6 rod of shadows (13/13) {!a}
   (You found it on level 8 of the Lair of Beasts)
Jewellery
 e - an uncursed ring of fire
 o - an uncursed ring of protection from fire
 p - the amulet of the Four Winds (around neck) {Clar rN+ MR+++}
   (You bought it in a shop on level 4 of the Orcish Mines)

   [amulet of clarity]

   It provides mental clarity.
   It protects you from negative energy.
   It affects your resistance to hostile enchantments.
 w - a ring of wizardry (left hand)
 y - a +6 ring of dexterity (right hand) {=R}
 B - an uncursed ring of see invisible
 J - an uncursed ring of protection from cold
 R - an uncursed ring of flight
 W - an uncursed ring of teleportation
 Y - an uncursed ring of positive energy
Magical devices
 l - a wand of slowing (12)
 C - a wand of heal wounds (9)
 K - a wand of disintegration (6)
 Q - a wand of digging (13)
Scrolls
 d - 2 scrolls of fear {!r}
 h - 4 scrolls of blinking {!r}
 x - 7 scrolls of teleportation {!r}
 A - 2 scrolls of holy word
 E - 8 scrolls of magic mapping
 L - 5 scrolls of summoning
 P - 6 scrolls of fog
Potions
 j - 4 potions of resistance
 m - 4 potions of haste
 s - 3 potions of might
 u - 6 potions of cancellation
 D - 5 potions of agility
 F - a potion of berserk rage {!q}
 M - 7 potions of brilliance
 N - 2 potions of invisibility
 S - 2 potions of heal wounds
 T - 13 potions of curing
Books
 z - a book of Spatial Translocations

   Spells                             Type                      Level
   Apportation                        Translocation                1
   Blink                              Translocation                2
   Shroud of Golubria                 Charms/Translocation         2
   Portal Projectile                  Translocation                3
   Teleport Other                     Translocation                3
   *Passage of Golubria               Translocation                4
 O - a book of Wizardry

   Spells                             Type                      Level
   Agony                              Necromancy                   5
   Force Lance                        Conjuration                  5
   Dispersal                          Translocation                6
   *Haste                             Charms                       6
   Invisibility                       Hexes                        6
   Spellforged Servitor               Conjuration/Summoning        7
 U - a book of Changes

   Spells                             Type                      Level
   Beastly Appendage                  Transmutation                1
   Sticks to Snakes                   Transmutation                2
   Spider Form                        Transmutation/Poison         3
   Ice Form                           Ice/Transmutation            4
   Blade Hands                        Transmutation                5
 V - Sif Muna's Almanac of Spatial Boosts
   (You bought it in a shop on level 3 of the Shoals)

   Spells                             Type                      Level
   *Repel Missiles                    Charms/Air                   2
   Regeneration                       Charms/Necromancy            3
   Teleport Other                     Translocation                3
   *Control Teleport                  Charms/Translocation         4
   *Passage of Golubria               Translocation                4
Miscellaneous
 t - a phial of floods
Comestibles
 g - 4 meat rations
 I - 12 royal jellies


   Skills:
 + Level 15.9 Fighting
 - Level 10.6 Short Blades
 - Level 15.2 Crossbows
 - Level 2.6 Throwing
 - Level 10.2 Armour
 - Level 18.2 Dodging
 - Level 5.3 Stealth
 - Level 14.0 Charms
 - Level 19.3 Invocations
 - Level 6.0 Evocations


You had 4 spell levels left.
You knew the following spells:

 Your Spells              Type           Power        Failure   Level  Hunger
b - Summon Butterflies    Summ           #.......     14%         1    ##.....
d - Passage of Golubria   Tloc           N/A          95%         4    #####..
r - Repel Missiles        Chrm/Air       ###...       1%          2    ###....
t - Control Teleport      Chrm/Tloc      ###.......   9%          4    #####..
H - Haste                 Chrm           ####....     7%          6    #######


Dungeon Overview and Level Annotations

Branches:
Dungeon (15/15)            Temple (1/1) D:5            Lair (8/8) D:11
 Shoals (5/5) Lair:3       Spider (5/5) Lair:4        Slime (0/6) Lair:7
    Orc (4/4) D:12            Elf (0/3) Orc:4        Vaults (4/5) D:14
  Crypt (0/3) Vaults:3     Depths (3/5) D:15

Altars:
Ashenzari
Dithmenos
Elyvilon
Fedhas
Gozag
Kikubaaqudgha
Makhleb
Nemelex Xobeh
Okawaru
Qazlal
Ru
Sif Muna
Trog
Vehumet
Xom
Yredelemnul
Zin
The Shining One
Beogh
Jiyva

Shops:
D:4 ?   D:12 ?(   D:15 *   Orc:1 (   Orc:4 [*=(   Shoals:2 :   Shoals:3 :
Vaults:2 [   Vaults:3 [   Depths:1 *   Depths:2 ?

Portals:
Hell: Depths:1 Depths:2
Pandemonium: Depths:2 Depths:3

Annotations:
D:5 utis' ghost, experienced KoAr
Shoals:5 Asterion; Polyphemus
Vaults:2 Mennas


Innate Abilities, Weirdness & Mutations

You are small and have problems with some larger weapons.
You are carnivorous and can eat meat at any time.
You have a pair of small horns on your head.
Your mind is acute. (Int +2)


Message History

The purple ugly thing stings the boggart!
The boggart dies!
A lich comes into view.
Use which ability? (? or * to list)
Press: ? - help, Dir - move target cursor, f/p - purple ugly thing Heal: a purple ugly thing Elyvilon approves of your offer of peace.
The purple ugly thing turns neutral.
You feel somewhat more hungry.
The slime creature moves out of view.
The boggart mumbles some strange words.
The purple ugly thing closely misses the boggart.
Use which ability? (? or * to list)
Press: ? - help, Dir - move target cursor, f - lich, p - purple ugly thing Heal: a lich The light of Elyvilon fails to reach the lich.
You are starving!
The lich points at you and mumbles some strange words.
The bolt of cold hits the purple ugly thing.
The bolt of cold hits you!
You die...

.....➘. ..▓ ....➘▓▓.➘..
.).➘..➘.... ➘...➘..... ▓▓▓
▓▓▓▓▓▓▓......... ▓..
........L.➘.➘..... ▓.▓
▓▓▓ug▓➘...... ▓.▓
▓▓..u.D....... ▓▓▓.▓
▓▓.K.........>. ▓▓...▓▓
▓▓▓▓.[c†........▓▓
▓▓..▓..▓▓▓▓.▓▓▓<.....u.....▓
▓..▓▓▓..▓▓..▓▓.➘........▓▓.▓
..▓+ +▓..▓.....▓▓÷......▓
.▓▓ ▓▓.....➘▓▓..➘....€▓ ▓▓
▓▓......÷........▓ .▓▓
▓▓......▓▓.........▓ ..▓▓
▓▓.............▓▓.▓▓


You could see an ice dragon, a lich, a boggart, a neutral purple very ugly thing
(wandering), 2 neutral ugly things and a neutral yaktaur (wandering).

Vanquished Creatures
  A lich (Vaults:4)
  A titan (Depths:2)
  3 sphinxes
  Kirke (Spider:4)
  A shadow dragon (Depths:2)
  A tengu reaver (D:13)
  10 vault wardens
  2 fire giants
  Wiglaf (Vaults:1)
  2 frost giants (Shoals:1)
  5 ghost moths
  A deep elf sorcerer (Vaults:4)
  7 emperor scorpions
  Jorgrun (Shoals:5)
  7 stone giants
  2 very ugly things
  A deep elf demonologist (Vaults:2)
  A dire elephant (D:15)
  4 ettins
  5 merfolk javelineers
  2 minotaurs (Depths:2)
  A crystal guardian (Vaults:4)
  2 fire dragons
  10 yaktaur captains
  2 deep elf death magi (Depths:2)
  A vault guard (Vaults:4)
  8 ironheart preservers
  3 merfolk impalers (Shoals:5)
  6 great orbs of eyes
  4 ice dragons
  5 rakshasas
  A hydra (Lair:5)
  A naga warrior (Depths:1)
  13 ogre magi
  A merfolk avatar (Shoals:3)
  2 centaur warriors (Vaults:2)
  2 deep troll earth magi
  A tengu warrior (D:15)
  2 deep troll shamans
  A vampire mage (Vaults:3)
  Urug (D:15)
  2 storm dragon zombies (Depths:2)
  2 sun demons (Depths:1)
  13 skeletal warriors
  A sea snake (Shoals:5)
  2 shadow wraiths
  2 golden dragon zombies (Depths:2)
  3 deep elf knights
  A soul eater (Depths:2)
  7 unseen horrors
  An ice devil (Spider:1)
  10 deep trolls
  2 giant orange brains (Depths:2)
  A deep elf summoner (Vaults:2)
  7 hill giants
  6 ironbrand convokers
  4 flayed ghosts (Depths:2)
  5 orc sorcerers
  2 fire crabs (Vaults:2)
  12 orc knights
  A red wasp (shapeshifter) (D:14)
  3 deep elf conjurers (Vaults:4)
  10 harpies
  24 ugly things
  23 orb spiders
  2 manticores (Shoals:3)
  4 griffons
  2 wizards
  2 fire giant zombies (Depths:2)
  2 moths of wrath
  28 wolf spiders
  A draconian (shapeshifter) (Vaults:1)
  5 water nymphs
  8 fauns
  8 red wasps
  7 vault sentinels
  4 sirens
  12 cyclopes
  A small abomination (Vaults:4)
  A molten gargoyle (Lair:6)
  3 torpor snails
  Psyche (D:11)
  3 spriggan zombies (Depths:2)
  2 komodo dragons
  A yaktaur zombie (Vaults:4)
  2 kobold demonologists (Vaults:2)
  2 elves (shapeshifter)
  4 efreet
  2 deep elf priests
  23 demonic crawlers
  A death yak skeleton (Depths:1)
  49 yaktaurs
  A queen bee (shapeshifter) (Vaults:1)
  A tengu simulacrum (Vaults:2)
  Sonja (D:11)
  32 slime creatures
  3 human simulacra
  2 blink frogs (Lair:1)
  6 merfolk
  3 trolls
  33 jumping spiders
  A slime creature (shapeshifter) (Vaults:2)
  A red devil (Vaults:4)
  15 two-headed ogres
  6 boulder beetles
  A raven (shapeshifter) (Depths:2)
  A trapdoor spider zombie (D:9)
  A harpy skeleton (D:12)
  2 freezing wraiths
  A deep troll zombie (Depths:1)
  An ettin zombie (Depths:2)
  33 tarantellas
  A raven (D:13)
  A tarantella (shapeshifter) (Vaults:4)
  A basilisk (D:15)
  25 trapdoor spiders
  2 water elementals
  3 snapping turtles
  3 wyverns
  4 wraiths
  An ice dragon skeleton (Depths:1)
  A fire bat (shapeshifter) (Vaults:4)
  A shadow (Depths:2)
  2 ettin skeletons (Depths:1)
  40 redbacks
  7 deep elf magi
  4 hippogriffs
  6 vampires
  Eustachio (D:5)
  4 hogs (Spider:5)
  A hippogriff (shapeshifter) (Vaults:2)
  9 yaks
  10 deep elf fighters
  6 wargs
  2 hungry ghosts
  5 wolves
  A yaktaur simulacrum (Vaults:2)
  3 mottled dragons
  Menkaure (Ossuary)
  20 vampire mosquitoes
  4 sky beasts
  A soldier ant (D:12)
  7 porcupines
  A water moccasin (D:5)
  47 spiders
  38 orc warriors
  A phantom (D:7)
  A black bear (shapeshifter) (D:14)
  2 ice beasts
  A boring beetle (shapeshifter) (Vaults:4)
  3 eyes of draining
  3 black bears
  41 ogres
  3 yellow wasps
  5 boring beetles
  A lost soul (Depths:2)
  7 centaurs
  10 boggarts
  7 crocodiles
  Duvessa (D:9)
  7 big kobolds
  15 giant frogs
  2 gnoll sergeants
  A brain worm (D:13)
  Blork the orc (D:5)
  A human skeleton (Vaults:2)
  3 scorpions
  3 wyvern skeletons
  An elf zombie (Depths:1)
  A troll zombie (D:14)
  A killer bee (D:12)
  2 elf skeletons (Vaults:2)
  An electric eel (Spider:1)
  2 quasits
  Dowan (D:9)
  17 crimson imps
  4 centaur zombies
  9 jellies
  3 giant frog skeletons
  3 giant frog zombies
  11 iguanas
  A yellow wasp zombie (D:10)
  8 hounds
  23 orc priests
  A two-headed ogre skeleton (Vaults:4)
  6 centaur skeletons
  14 worker ants
  Natasha (thrice) (D:5)
  20 orc wizards
  3 sheep (Shoals:3)
  2 killer bee zombies
  6 ogre zombies
  A big kobold skeleton (Vaults:2)
  A hound zombie (D:5)
  3 hound skeletons
  8 mummies
  A worker ant zombie (D:6)
  10 gnolls
  6 shadow imps
  A swamp drake skeleton (D:12)
  2 river rats (Lair:2)
  25 adders
  A giant mite (D:6)
  2 white imps (D:8)
  4 worms
  An adder zombie (Ossuary)
  4 giant geckos
  177 orcs
  10 giant cockroaches
  21 goblins
  21 hobgoblins
  5 jackals
  40 kobolds
  11 quokkas
  2 ball pythons
  16 bats
  7 giant newts
  A giant spore (D:11)
  2 gnoll zombies
  5 goblin zombies (Ossuary)
  2 hobgoblin zombies (Ossuary)
  5 kobold zombies (Ossuary)
  3 orc zombies
  5 quokka zombies (Ossuary)
  11 rats
  5 rat zombies (Ossuary)
  4 ballistomycetes (D:11)
  2 butterflies (D:5)
  A crawling corpse (Vaults:4)
  4 plants (Lair:8)
1550 creatures vanquished.

Vanquished Creatures (others)
  A balrug (Depths:1)
  A stone giant (Depths:3)
  2 yaktaur captains
  A rakshasa (Depths:2)
  A death yak (Depths:3)
  A deep troll shaman (Depths:1)
  3 deep troll earth magi
  A satyr (Shoals:5)
  2 ogre magi
  A tengu warrior (Depths:2)
  A catoblepas (Depths:1)
  A skeletal warrior (Depths:2)
  A flayed ghost (Vaults:1)
  A shadow wraith (Vaults:3)
  An ice statue (Lair:1)
  3 deep trolls
  5 harpies
  An ironbrand convoker (Vaults:4)
  A black mamba (Lair:2)
  A mana viper (Depths:1)
  3 necromancers
  A deep elf conjurer (Vaults:2)
  A wolf spider zombie (D:12)
  A griffon (Shoals:2)
  A faun (Shoals:2)
  10 ugly things
  An orc sorcerer (Orc:4)
  A cyclops (Shoals:1)
  2 vault sentinels
  A siren (Shoals:5)
  An elephant (Lair:8)
  A komodo dragon (Lair:1)
  A molten gargoyle (Lair:6)
  6 yaktaurs
  4 tengu conjurers
  2 fire drakes (Lair:6)
  4 deep elf priests
  A kobold demonologist (Vaults:2)
  A hellwing (Orc:4)
  A troll (D:12)
  A freezing wraith (Lair:1)
  A jumping spider (Spider:4)
  2 merfolk (Shoals:5)
  6 two-headed ogres
  2 polar bears
  4 crocodiles
  A slime creature (Depths:2)
  5 ravens
  A snapping turtle (Shoals:5)
  2 orc warriors
  A deep elf mage (Vaults:3)
  A redback (shapeshifter) (Depths:1)
  An ice dragon skeleton (Depths:1)
  5 deep elf fighters
  4 yaks (Lair:6)
  A hippogriff (D:12)
  A hungry ghost (D:12)
  2 wargs
  8 wolves
  A hell hound (Lair:8)
  2 water moccasins
  A human skeleton (Depths:1)
  3 spiders
  4 black bears (Lair:8)
  11 boggarts
  11 ogres
  A lost soul (Depths:2)
  3 humans
  A boring beetle (shapeshifter) (D:14)
  2 ice beasts (Lair:1)
  A boring beetle (Lair:6)
  3 big kobolds
  A gnoll sergeant (D:11)
  3 giant frogs
  A lava snake (Lair:6)
  A quasit (D:11)
  7 orc priests
  A jelly (D:9)
  6 orc wizards
  2 iguanas
  3 hounds
  4 sheep
  2 adders
  4 gnolls (D:11)
  14 river rats
  A shadow imp (D:12)
  A white imp (D:12)
  An ufetubus (Vaults:2)
  18 orcs
  A bat (D:8)
  A hobgoblin (D:10)
  A quokka (Lair:1)
  3 goblins (Bailey)
  5 jackals (Lair:8)
  12 kobolds
  3 fungi
  3 plants
  8 starspawn tentacles (Abyss:1)
  103 starspawn tentacle segments (Abyss:1)
377 creatures vanquished.

Grand Total: 1927 creatures vanquished

Notes
Turn   | Place    | Note
--------------------------------------------------------------
     0 | D:1      | utis, the Kobold Assassin, began the quest for the Orb.
     0 | D:1      | Reached XP level 1. HP: 12/12 MP: 1/1
   363 | D:1      | Reached XP level 2. HP: 8/17 MP: 2/2
  1062 | D:1      | Reached XP level 3. HP: 3/21 MP: 3/3
  1740 | D:2      | Reached skill level 5 in Short Blades
  2013 | D:2      | Reached XP level 4. HP: 26/26 MP: 4/4
  2888 | D:2      | Reached skill level 6 in Short Blades
  3360 | D:3      | Reached XP level 5. HP: 30/30 MP: 5/5
  3814 | D:4      | Noticed a phantom
  4165 | D:4      | Reached skill level 7 in Short Blades
  4249 | D:4      | Reached XP level 6. HP: 10/35 MP: 6/6
  4277 | D:3      | HP: 1/35 [phantom (4)]
  4611 | D:3      | Reached skill level 8 in Short Blades
  5101 | D:4      | Found Qiyffiy's Magic Scroll Boutique.
  5170 | D:4      | Bought a scroll of identify for 22 gold pieces
  5170 | D:4      | Bought a scroll of remove curse for 33 gold pieces
  5170 | D:4      | Bought a scroll of identify for 22 gold pieces
  5625 | D:4      | Reached XP level 7. HP: 22/43 MP: 7/7
  6034 | D:5      | Entered Level 5 of the Dungeon
  6054 | D:5      | Noticed Eustachio
  6706 | D:5      | Reached skill level 5 in Dodging
  7243 | D:5      | Reached XP level 8. HP: 34/48 MP: 8/8
  7246 | D:5      | Noticed Natasha
  7679 | D:5      | Killed Eustachio
  7867 | D:5      | Noticed utis' ghost (experienced KoAr)
  8384 | D:5      | Noticed Blork the orc
  8400 | D:5      | Killed Blork the orc
  8760 | D:5      | Killed Natasha
  8781 | D:5      | Noticed Natasha
  9063 | D:5      | Found a staircase to the Ecumenical Temple.
 10016 | D:6      | Reached skill level 9 in Short Blades
 10087 | D:6      | Reached XP level 9. HP: 31/52 MP: 9/9
 10317 | D:6      | Reached skill level 10 in Short Blades
 10765 | D:6      | Reached skill level 5 in Fighting
 11254 | D:6      | Found an ancient bone altar of Kikubaaqudgha.
 11426 | D:5      | Killed Natasha
 11454 | D:5      | Noticed Natasha
 11460 | D:5      | Killed Natasha
 11489 | Temple   | Entered the Ecumenical Temple
 11704 | Temple   | Became a worshipper of Elyvilon the Healer
 11862 | D:6      | Acquired Elyvilon's first power
 12241 | D:6      | Reached skill level 1 in Invocations
 12600 | D:6      | Got a heavily jewelled robe
 12714 | D:7      | Found a sand-covered staircase.
 12724 | Ossuary  | Entered an ossuary
 13186 | Ossuary  | Noticed Menkaure
 13537 | Ossuary  | Killed Menkaure
 14374 | D:6      | Identified the cursed +0 robe of the Farrier {MR+ rCorr Dex-1} (You took it off a gnoll on level 6 of the Dungeon)
 14466 | D:7      | Reached XP level 10. HP: 61/61 MP: 18/18
 14497 | D:7      | Reached skill level 5 in Invocations
 16090 | D:7      | Found a stormy altar of Qazlal.
 16709 | D:8      | Found a deep blue altar of Sif Muna.
 16756 | D:8      | Acquired Elyvilon's second power
 17363 | D:8      | Found a sparkling altar of Nemelex Xobeh.
 17378 | D:8      | Found a glowing golden altar of the Shining One.
 17378 | D:8      | Found a shadowy altar of Dithmenos.
 17676 | D:8      | Found an iron altar of Okawaru.
 18254 | D:9      | Reached skill level 10 in Invocations
 18410 | D:9      | Noticed Duvessa
 18411 | D:9      | Noticed Dowan
 18430 | D:9      | Killed Duvessa
 18857 | D:9      | Killed Dowan
 19289 | D:9      | Reached XP level 11. HP: 48/66 MP: 25/25
 19859 | D:9      | Reached skill level 11 in Invocations
 19887 | D:10     | Entered Level 10 of the Dungeon
 19952 | D:10     | Noticed a hill giant
 20024 | D:10     | Killed a hill giant
 20586 | D:10     | Reached skill level 12 in Invocations
 20586 | D:10     | Acquired Elyvilon's third power
 20622 | D:10     | Noticed a hill giant
 20654 | D:10     | Killed a hill giant
 21674 | D:11     | Found a staircase to the Lair.
 21922 | D:11     | Noticed a hill giant
 21979 | D:11     | Killed a hill giant
 22019 | D:11     | Found a flagged portal.
 22028 | D:11     | Noticed Sonja
 22036 | Bailey   | Entered a bailey
 22087 | Bailey   | Noticed an orc knight
 22123 | Bailey   | Killed an orc knight
 22123 | Bailey   | Reached skill level 13 in Invocations
 22130 | Bailey   | Noticed an orc knight
 22161 | Bailey   | Killed an orc knight
 22201 | Bailey   | Was placed under penance by Elyvilon
 22594 | Bailey   | Was forgiven by Elyvilon
 22877 | D:11     | Killed Sonja
 23196 | D:11     | Noticed Psyche
 23215 | D:11     | Killed Psyche
 23819 | D:11     | Noticed Nergalle
 23821 | D:11     | Pacified Nergalle
 23963 | D:11     | Noticed a hill giant
 23983 | D:11     | Pacified a hill giant
 23983 | D:11     | Reached skill level 14 in Invocations
 24420 | Lair:1   | Entered Level 1 of the Lair of Beasts
 24644 | Lair:1   | Reached XP level 12. HP: 71/71 MP: 27/29
 24815 | Lair:1   | Noticed an eight-headed hydra
 24815 | Lair:1   | Pacified an eight-headed hydra
 24857 | Lair:1   | Noticed an ice statue
 25349 | Lair:1   | Reached skill level 15 in Invocations
 25358 | Lair:1   | Killed an ice statue
 25370 | Lair:1   | Acquired Elyvilon's fourth power
 25926 | Lair:2   | Found an iron altar of Okawaru.
 26104 | Lair:2   | Noticed a five-headed hydra
 26106 | Lair:2   | Pacified a five-headed hydra
 26829 | Lair:2   | Noticed a seven-headed hydra
 26830 | Lair:2   | Pacified a seven-headed hydra
 27038 | Lair:2   | Identified 2 scrolls of acquirement
 27040 | Lair:2   | Got a dazzling dagger
 27193 | Lair:3   | Found a dark tunnel.
 27274 | Volcano  | Entered a volcano
 27578 | Lair:3   | Noticed a catoblepas
 27581 | Lair:3   | Pacified a catoblepas
 27581 | Lair:3   | Reached skill level 16 in Invocations
 28612 | Lair:3   | Found a staircase to the Shoals.
 28707 | Lair:4   | Found a hole to the Spider Nest.
 30384 | Lair:5   | Reached XP level 13. HP: 75/75 MP: 29/31
 30579 | Lair:5   | Noticed a seven-headed hydra
 30584 | Lair:5   | Pacified a seven-headed hydra
 30584 | Lair:5   | Reached skill level 17 in Invocations
 32794 | Lair:7   | Reached skill level 18 in Invocations
 32960 | Lair:7   | Found a viscous altar of Jiyva.
 32960 | Lair:7   | Found a staircase to the Slime Pits.
 33154 | Lair:7   | Identified the +0 dagger "Felee" {pierce, rF+ Dex+4} (You acquired it on level 2 of the Lair of Beasts)
 33154 | Lair:7   | Cast into the Abyss (a distortion unwield)
 33204 | Abyss:1  | Noticed a starcursed mass
 33263 | Abyss:1  | Noticed a tentacled starspawn
 33301 | Abyss:1  | Noticed a tentacled starspawn
 33311 | Lair:7   | Escaped the Abyss
 34689 | Lair:8   | Entered Level 8 of the Lair of Beasts
 35486 | Lair:8   | Reached skill level 19 in Invocations
 35492 | Lair:8   | Identified a +6 rod of shadows (13/13) (You found it on level 8 of the Lair of Beasts)
 37331 | D:12     | Reached XP level 14. HP: 82/82 MP: 33/33
 38015 | D:12     | Found a staircase to the Orcish Mines.
 38249 | D:12     | Found Noot's Antique Weapon Emporium.
 38257 | D:12     | Bought a glowing rapier for 136 gold pieces
 38741 | D:12     | Noticed a yaktaur captain
 39161 | D:12     | Noticed a yaktaur captain
 39323 | D:12     | Killed a yaktaur captain
 39520 | D:12     | Pacified a yaktaur captain
 40024 | D:12     | Got a warped plate armour
 40035 | D:12     | Identified the +4 plate armour of the Ten Curses {Str+3 Int+3} (You found it on level 12 of the Dungeon)
 40081 | D:12     | Reached skill level 10 in Fighting
 40347 | D:12     | Found Iwiamusa's Magic Scroll Emporium.
 40353 | D:12     | Bought a scroll of teleportation for 42 gold pieces
 40497 | D:13     | Reached skill level 1 in Armour
 41894 | D:13     | Upgraded the game from 0.16-a0-2254-g943817a to 0.16-a0-2363-g19e4ded
 42142 | Orc:1    | Entered Level 1 of the Orcish Mines
 42993 | Orc:2    | Found a radiant altar of Vehumet.
 43485 | D:12     | Bought a scroll of enchant armour for 105 gold pieces
 43871 | Orc:1    | Found Yhirgh's Antique Weapon Boutique.
 44982 | Orc:4    | Entered Level 4 of the Orcish Mines
 45147 | Orc:4    | Found a staircase to the Elven Halls.
 45573 | Orc:4    | Reached skill level 10 in Dodging
 45865 | Orc:4    | Paralysed by an orc sorcerer for 2 turns
 45873 | Orc:4    | Noticed an orc warlord
 45879 | Orc:4    | Pacified an orc warlord
 45964 | Orc:4    | Found a roughly hewn altar of Beogh.
 46390 | Orc:4    | Found Iwulium's Jewellery Shop.
 46806 | Orc:4    | Bought the amulet of the Four Winds {Clar rN+ MR+++} for 636 gold pieces
 46827 | Orc:4    | Found Ohaec's Antique Armour Shop.
 46833 | Orc:4    | Bought a faintly glowing scale mail for 297 gold pieces
 46833 | Orc:4    | Bought a runed cloak for 148 gold pieces
 46844 | Orc:4    | Identified the +6 scale mail of Existentialism {+Inv rCorr} (You bought it in a shop on level 4 of the Orcish Mines)
 46974 | Orc:4    | Found Sasich's General Store.
 46992 | Orc:4    | Found Xan Amick's Antique Weapon Shop.
 47029 | Orc:4    | Bought a glowing rapier for 124 gold pieces
 48271 | Orc:4    | Bought a runed arbalest for 139 gold pieces
 48677 | D:13     | Noticed a tengu reaver
 48710 | D:13     | Killed a tengu reaver
 49407 | D:13     | Reached XP level 15. HP: 50/92 MP: 34/34
 49766 | D:14     | Reached skill level 5 in Crossbows
 50123 | D:14     | Found a gate to the Vaults.
 51192 | D:15     | Entered Level 15 of the Dungeon
 51440 | D:15     | Found Atrawij's Pet Rocks.
 51513 | D:15     | Noticed Urug
 51553 | D:15     | Killed Urug
 51971 | D:15     | Found a glowing silver altar of Zin.
 53241 | Shoals:1 | Entered Level 1 of the Shoals
 54145 | Spider:1 | Entered Level 1 of the Spider Nest
 54477 | Spider:1 | Reached skill level 10 in Crossbows
 54852 | Spider:1 | Noticed Frances
 54863 | Spider:1 | Pacified Frances
 56873 | Shoals:1 | Noticed a frost giant
 56891 | Shoals:1 | Killed a frost giant
 57174 | Shoals:1 | Noticed a frost giant
 57183 | Shoals:1 | Killed a frost giant
 58115 | Shoals:2 | Found Qamie's Book Shop.
 58719 | Shoals:3 | Reached XP level 16. HP: 97/97 MP: 35/35
 59332 | Shoals:3 | Found Kyfa's Book Boutique.
 59974 | D:12     | Bought a scroll of brand weapon for 280 gold pieces
 59975 | D:12     | Gained mutation: You have a pair of small horns on your head. [potion of beneficial mutation]
 60079 | Orc:4    | Bought a scroll of enchant weapon for 90 gold pieces
 62725 | Shoals:5 | Entered Level 5 of the Shoals
 62731 | Shoals:5 | Noticed Asterion
 62744 | Shoals:5 | Noticed Polyphemus
 62746 | Shoals:5 | Reached skill level 15 in Crossbows
 64092 | D:15     | Found a staircase to the Depths.
 64384 | Depths:1 | Entered Level 1 of the Depths
 66987 | Spider:2 | Reached XP level 17. HP: 108/108 MP: 36/36
 72351 | Spider:4 | Reached skill level 15 in Fighting
 73024 | Spider:5 | Entered Level 5 of the Spider Nest
 74267 | Spider:5 | Noticed Kirke
 74577 | Spider:4 | Killed Kirke
 74609 | Spider:5 | Reached skill level 5 in Armour
 76304 | Spider:4 | Reached XP level 18. HP: 57/120 MP: 36/36
 79681 | Spider:5 | Got a gossamer rune of Zot
 81525 | Vaults:1 | Entered Level 1 of the Vaults
 81650 | Vaults:1 | HP: 1/120 [yaktaur/ bolt[a vault warden] (17)]
 81974 | Vaults:1 | Noticed Agnes
 81988 | Vaults:1 | Pacified Agnes
 82464 | Vaults:1 | Noticed Aizul
 82466 | Vaults:1 | Pacified Aizul
 83275 | Vaults:1 | Reached skill level 1 in Evocations
 83736 | Vaults:1 | Noticed Wiglaf
 83752 | Vaults:1 | Killed Wiglaf
 83941 | Vaults:1 | Reached skill level 5 in Evocations
 84768 | Shoals:3 | Bought Sif Muna's Almanac of Spatial Boosts for 1040 gold pieces
 84772 | Shoals:3 | Learned a level 2 spell: Repel Missiles
 84777 | Shoals:3 | Learned a level 4 spell: Control Teleport
 84782 | Shoals:3 | Learned a level 4 spell: Passage of Golubria
 85201 | Vaults:1 | Reached XP level 19. HP: 113/125 MP: 37/37
 85331 | Vaults:1 | Reached skill level 1 in Charms
 86189 | Vaults:2 | Learned a level 6 spell: Haste
 86300 | Vaults:2 | Gained mutation: Your mind is acute. (Int +2) [potion of beneficial mutation]
 86984 | Vaults:2 | Found Wahovef's Antique Armour Shop.
 86990 | Vaults:2 | Bought a pair of embroidered gloves for 126 gold pieces
 87055 | Vaults:2 | Reached skill level 5 in Charms
 89558 | Vaults:2 | Learned a level 1 spell: Summon Butterflies
 89727 | Vaults:3 | Noticed a lich
 89972 | Vaults:3 | Noticed Mennas
 90418 | Vaults:3 | Reached XP level 20. HP: 91/131 MP: 38/38
 90817 | Vaults:3 | Found a staircase to the Crypt.
 91033 | Vaults:3 | Reached skill level 10 in Charms
 91084 | Vaults:3 | Found Schuih's Armour Shop.
 91257 | Vaults:3 | Found a glowing golden altar of the Shining One.
 93672 | Vaults:3 | Upgraded the game from 0.16-a0-2363-g19e4ded to 0.16-a0-2622-gbfab2ba
 97139 | Vaults:4 | Reached XP level 21. HP: 136/136 MP: 38/38
 98862 | Shoals:3 | You fall through a shaft!
 99272 | Shoals:5 | Noticed Jorgrun
 99293 | Shoals:5 | Killed Jorgrun
 99546 | Shoals:5 | Got a barnacled rune of Zot
100666 | Depths:1 | Reached skill level 15 in Dodging
100933 | Depths:1 | Found a gateway to Hell.
101098 | Depths:1 | Found Qedattol's Serpentskin Sales.
102813 | Depths:2 | Reached skill level 10 in Armour
103890 | Vaults:2 | Bought the +2 pair of boots of the Assassin {Stlth++} for 758 gold pieces
104646 | Depths:2 | Reached XP level 22. HP: 141/141 MP: 39/39
105756 | Depths:2 | Found Mnep's Magic Scroll Emporium.
106189 | Depths:2 | Identified the Disquisition on Boosting Sinister Rites
107061 | Depths:2 | Found a one-way gate leading to the halls of Pandemonium.
107383 | Depths:3 | Noticed a golden dragon
108150 | Depths:3 | Killed from afar by a lich

Action                   |  1- 3 |  4- 6 |  7- 9 | 10-12 | 13-15 | 16-18 | 19-21 | 22-24 || total
-------------------------+-------+-------+-------+-------+-------+-------+-------+-------++-------
Melee: Dagger            |    97 |   282 |   696 |  1146 |   162 |       |       |       ||  2383
       Unarmed           |       |       |    15 |       |       |       |       |       ||    15
       Rapier            |       |       |       |       |   722 |       |       |       ||   722
       Quick blade       |       |       |       |       |  1106 |  1530 |    43 |       ||  2679
       Scimitar          |       |       |       |       |   160 |       |       |       ||   160
       Blowgun           |       |       |       |       |       |    11 |       |       ||    11
       Arbalest          |       |       |       |       |       |     1 |     2 |       ||     3
 Fire: Blowgun           |     8 |    20 |   108 |    91 |     9 |   327 |    19 |       ||   582
       Hunting sling     |       |       |       |    19 |       |       |       |       ||    19
       Arbalest          |       |       |       |       |   208 |   675 |  1847 |   336 ||  3066
Throw: Stone             |     1 |     3 |    35 |    24 |    21 |       |       |       ||    84
       Tomahawk          |       |       |       |       |   180 |       |       |       ||   180
 Cast: Repel Missiles    |       |       |       |       |       |     1 |     4 |       ||     5
       Haste             |       |       |       |       |       |       |     6 |     1 ||     7
Invok: Lesser Healing    |       |       |       |   228 |   478 |   183 |   298 |    94 ||  1281
       Lesser Self-Heali |       |       |       |     4 |       |       |       |       ||     4
       Greater Healing   |       |       |       |     3 |     9 |     7 |       |       ||    19
       Greater Self-Heal |       |       |       |     2 |    27 |    16 |    27 |       ||    72
       Divine Vigour     |       |       |       |       |       |       |     2 |       ||     2
 Abil: Evoke Flight      |       |       |       |       |       |       |     3 |       ||     3
Evoke: Wand              |       |       |     2 |       |       |       |       |       ||     2
  Use: Scroll            |       |     9 |     9 |    21 |    16 |    12 |     5 |     1 ||    73
       Potion            |       |       |     1 |     7 |     3 |     9 |     3 |       ||    23
 Stab: Sleeping          |     6 |    13 |    28 |    28 |    19 |    41 |     1 |       ||   136
       Distracted        |     1 |     1 |     7 |     7 |     5 |    18 |     1 |       ||    40
       Held in net/web   |       |       |       |       |       |     4 |       |       ||     4
  Eat: Chunk             |    12 |    11 |    22 |    78 |   151 |    77 |   112 |    20 ||   483
       Beef jerky        |       |       |       |     5 |     4 |       |       |       ||     9
       Pizza             |       |       |       |       |     7 |       |       |       ||     7
       Royal jelly       |       |       |       |       |     2 |       |       |       ||     2
       Meat ration       |       |       |       |       |       |     6 |     2 |       ||     8
